 Dungeon Crawl Stone Soup version 0.29-a0-409-gd843f3a48c (webtiles) character file.

Game seed: 16832173000186917238

451 deadleaves the Magician (level 6, 0/35 HPs)
             Began as a Deep Elf Summoner on May 13, 2022.
             Was an Initiate of Gozag.
             Killed by divine providence
             ... invoked by an orc priest
              (12 damage)
             ... on level 5 of the Dungeon.
             The game lasted 00:16:16 (4085 turns).

deadleaves the Magician (Deep Elf Summoner)         Turns: 4085, Time: 00:16:18

Health: 0/35       AC:  6    Str:  5    XL:     6   Next: 75%
Magic:  17/17      EV: 18    Int: 20    God:    Gozag
Gold:   175        SH:  0    Dex: 15    Spells: 9/17 levels left

rFire   . . .      SeeInvis +   n - +4 club (spect)
rCold   . . .      Faith    .   (no shield)
rNeg    . . .      Spirit   .   a - +1 robe
rPois   .          Reflect  .   (no helmet)
rElec   .          Harm     .   (no cloak)
rCorr   .          Rampage  .   (no gloves)
Will    .....                   (no boots)
Stlth   ++........              (no amulet)
HPRegen 0.11/turn               e - +4 ring of protection
MPRegen 0.15/turn               p - +4 ring of evasion

@: gold aura
A: see invisible, deformed body, dopey 1, robust 1
a: Renounce Religion, Potion Petition, Call Merchant, Bribe Branch


You were on level 5 of the Dungeon.
You worshipped Gozag.
Gozag was aware of your devotion.
You visited 2 branches of the dungeon, and saw 6 of its levels.

You collected 286 gold pieces.
You spent 39 gold pieces at shops.
You paid 72 gold pieces to Gozag.

Inventory:

Hand Weapons
 n - a +4 spectral club (weapon)
Armour
 a - a +1 robe (worn)
 i - an orb of energy
Jewellery
 e - a +4 ring of protection (left hand)
 j - an amulet of magic regeneration
 p - a +4 ring of evasion (right hand)
Scrolls
 c - a scroll of teleportation {unknown}
 d - 2 scrolls of enchant armour
 f - 3 scrolls of vulnerability
 r - a scroll of immolation
Potions
 b - 2 potions of magic
 g - 2 potions of attraction
 h - 2 potions of brilliance {unknown}
 k - a potion of haste {unknown}
 l - 2 potions of invisibility {unknown}
 m - a potion of might {unknown}
 o - a potion of degeneration {unknown}
 q - a potion of heal wounds {unknown}
 s - 2 potions of curing


   Skills:
 + Level 5.3 Dodging
 - Level 2.9 Stealth
 + Level 6.0 Spellcasting
 - Level 5.1 Summonings
 + Level 2.8 Air Magic


You had 9 spell levels left.
You knew the following spells:

 Your Spells              Type           Power      Damage    Failure   Level
a - Summon Small Mammal   Summ           100%       N/A       1%          1
b - Call Canine Familiar  Summ           26%        N/A       3%          3
c - Summon Lightning Spi  Summ/Air       22%        N/A       21%         4

Your spell library contained the following spells:

 Spells                   Type           Power      Damage    Failure   Level
 Call Imp                 Summ           26%        N/A       1%          2
 Poisonous Vapours        Pois/Air       22%        N/A       9%          2
 Slow                     Hex            24%        N/A       11%         1
 Sting                    Tmut/Pois      24%        1d4       11%         1
 Summon Guardian Golem    Hex/Summ       16%        N/A       11%         3
 Confusing Touch          Hex            6%         N/A       30%         3
 Vampiric Draining        Necr           6%         2d6       30%         3
 Cause Fear               Hex            3%         N/A       71%         4
 Olgreb's Toxic Radiance  Pois           6%         N/A       71%         4
 Dragon Form              Tmut           3%         N/A       100%        7
 Dragon's Call            Summ           13%        N/A       100%        9


Dungeon Overview and Level Annotations

Branches:
Dungeon (5/15)             Temple (1/1) D:4

Altars:
Ashenzari
Cheibriados
Dithmenos
Elyvilon
Fedhas
Gozag
Hepliaklqana
Kikubaaqudgha
Makhleb
Nemelex Xobeh
Okawaru
Ru
Sif Muna
Trog
Uskayaw
Vehumet
Wu Jian
Xom
Yredelemnul
Zin
The Shining One

Shops:
D:4 *


Innate Abilities, Weirdness & Mutations

You have supernaturally acute eyesight. (SInv)
Armour fits poorly on your strangely shaped body.
You are dopey. (Int -2)
You are robust. (+10% HP)


Message History

The orc moves out of view.
You hit the orc priest but do no damage.
The orc priest misses you. The orc priest closely misses you.
You hit the orc priest but do no damage.
The orc priest mumbles some strange prayers to Beogh against you.
Pain shoots through your body!
You hit the orc priest.
The orc priest is lightly wounded.
The orc priest barely misses you.
You closely miss the orc priest.
The orc priest is lightly wounded.
The orc hits your hound with a +0 club. The orc priest closely misses you.
Your hound bites the orc but does no damage.
You hit the orc priest.
The orc priest is lightly wounded.
Your hound bites the orc but does no damage.
The orc priest calls down the wrath of Beogh upon you.
You struggle to resist.
The orc hits your hound with a +0 club.
Your hound bites the orc but does no damage.
The orc barely misses your hound. The orc priest misses you.
Your hound bites the orc but does no damage.
The orc barely misses you. The orc hits you with a +0 club.
Your hound bites the orc but does no damage.
You hit the orc but do no damage.
Your +4 spectral club hits the orc but does no damage.
Your hound bites the orc but does no damage.
The orc misses you. x2; The orc priest misses you.
You hit the orc.
The orc is almost dead.
Your +4 spectral club hits the orc.
You kill the orc!
Your hound bites the orc but does no damage. x2
The orc priest closely misses you. The orc completely misses you.
You sock the orc!
You kill the orc!
Your hound bites the orc priest.
The orc priest calls down the wrath of Beogh upon you.
Beogh smites you!
You die...
Your body crumbles into a pile of gold.

#.....)#......#....#..
##....)#.....#.....#..
####.#......#....#.##
#...###.....#...###..
###....###.#.####.#..
#.##....###.......#
o######.#######
#########
.......$ho...#
##.....ยง@###.#
#.#.....# # #.###.# #.
#.. . #.#. .# #.#. #.
#.# # #.#


You could see an orc priest (ally target) and a friendly hound (summoned).

Vanquished Creatures
  A bullfrog (D:4)
  A scorpion (D:4)
  2 hounds
  An iguana (D:5)
  Robin (D:2)
  3 adders (D:3)
  A worm (D:2)
  6 orcs
  9 bats
  7 endoplasms
  3 giant cockroaches
  5 goblins
  3 hobgoblins (D:3)
  11 jackals
  5 quokkas
  8 ball pythons
  4 frilled lizards
  9 kobolds
  6 rats
86 creatures vanquished.

Vanquished Creatures (collateral kills)
  Blork the orc (D:4)
  An adder (D:2)
  A dart slug (D:2)
  An orc (D:3)
  A bat (D:2)
  An endoplasm (D:2)
  A giant cockroach (D:2)
  11 goblins
  2 hobgoblins (D:1)
  2 jackals (D:2)
  A quokka (D:1)
  2 ball pythons (D:2)
  A frilled lizard (D:1)
  2 kobolds
  3 rats
31 creatures vanquished.

Grand Total: 117 creatures vanquished

Notes
Turn   | Place    | Note
-------+----------+-------------------------------------------
     0 | D:1      | deadleaves the Deep Elf Summoner began the quest for the
                  | Orb.
     0 | D:1      | Reached XP level 1. HP: 10/10 MP: 6/6
   357 | D:1      | Reached XP level 2. HP: 14/15 MP: 6/8
  1012 | D:1      | Reached XP level 3. HP: 19/19 MP: 10/10
  1016 | D:1      | Learned a level 3 spell: Call Canine Familiar
  1260 | D:2      | Found a faded altar of an unknown god.
  1314 | D:2      | Reached skill level 4 in Spellcasting
  1519 | D:2      | Noticed Robin
  1522 | D:2      | Reached skill level 5 in Summonings
  1524 | D:2      | Reached XP level 4. HP: 21/24 MP: 10/12
  1546 | D:2      | Killed Robin
  1837 | D:2      | Identified the +7 chain mail of Dramatic Exits {Will-
                  | Regen+ Int+5}
  2139 | D:3      | Learned a level 4 spell: Summon Lightning Spire
  2274 | D:3      | Reached XP level 5. HP: 28/28 MP: 13/13
  2314 | D:3      | Found a shimmering blue altar of Sif Muna.
  2343 | D:3      | Found a hazy altar of Hepliaklqana.
  2595 | D:3      | Reached skill level 1 in Air Magic
  2632 | D:4      | Reached skill level 5 in Spellcasting
  2755 | D:4      | Found a burning altar of Makhleb.
  2898 | D:4      | Found Xeiw's CLEARANCE SALE!.
  2911 | D:4      | Bought a scroll of immolation for 21 gold pieces
  2911 | D:4      | Bought a potion of curing for 18 gold pieces
  2950 | D:4      | Gained mutation: You expend magic power (3 MP) to
                  | strengthen your wands. [potion of mutation]
  2951 | D:4      | Lost mutation: You expend magic power (3 MP) to strengthen
                  | your wands. [potion of mutation]
  2951 | D:4      | Gained mutation: You have supernaturally acute eyesight.
                  | (SInv) [potion of mutation]
  2951 | D:4      | Gained mutation: You are robust. (+10% HP) [potion of
                  | mutation]
  2951 | D:4      | Gained mutation: You have hidden genetic defects. [potion
                  | of mutation]
  3090 | D:4      | Reached XP level 6. HP: 35/35 MP: 11/16
  3106 | D:4      | Gained mutation: You are dopey. (Int -2) [hidden defects]
  3161 | D:4      | Found a staircase to the Ecumenical Temple.
  3167 | Temple   | Entered the Ecumenical Temple
  3430 | D:4      | Noticed Blork the orc
  3450 | D:4      | Killed Blork the orc
  3451 | D:4      | Reached skill level 5 in Dodging
  3459 | D:4      | Gained mutation: Armour fits poorly on your strangely
                  | shaped body. [hidden defects]
  3459 | D:4      | Lost mutation: You have hidden genetic defects. [hidden
                  | defects expressed]
  3652 | D:4      | Found a glowing golden altar of the Shining One.
  3847 | D:3      | Found a sparkling altar of Nemelex Xobeh.
  3937 | Temple   | Became a worshipper of Gozag Ym Sagoz the Greedy
  3982 | D:5      | Entered Level 5 of the Dungeon
  4024 | D:5      | Reached skill level 6 in Spellcasting
  4085 | D:5      | Killed from afar by an orc priest

Illustrated notes

Levels and vault maps discovered:
D:1:      zelgadis_glass_arrival_large, layout_loops_ring, minmay_box_of_dots
D:2:      layout_rooms, hellmonk_ecumenical_altar_pennies_from_heaven,
          uniq_robin
D:3:      layout_rooms, nicolae_overflow_hidden_temple
D:4:      layout_basic, mainiacjoe_overflow_alcove_4, lightli_temple_of_fire,
          minmay_temple_entry_statues, hangedman_abyss_or_decor_stabs,
          minivault_25, nicolae_shop_clearance, uniq_blork_the_orc
D:5:      nicolae_BIG_FREAKIN_CUBE, layout_loops_ring,
          mainiacjoe_overflow_concentric_impassable, grunt_ministairs_2
Temple:   nicolae_temple_elliptical

Skill      XL: |  1  2  3  4  5  6 |
---------------+-------------------+-----
Dodging        | 3 4 5 |  5.3
Spellcasting   | 4 5 6 |  6.0
Summonings     | 5 |  5.1
Air Magic      | 2 |  2.8
Stealth        | |  2.9

Action                   |  1- 3 |  4- 6 || total
-------------------------+-------+-------++-------
Melee: Hand axe          |    29 |       ||    29
       Whip              |    59 |     9 ||    68
       Club              |       |    92 ||    92
       Punch             |       |     1 ||     1
 Cast: Summon Small Mamm |    12 |     3 ||    15
       Call Canine Famil |     2 |     8 ||    10
       Summon Lightning  |       |     1 ||     1
  Use: Scroll            |       |     5 ||     5
       Potion            |       |     2 ||     2
 Stab: Sleeping          |     7 |     4 ||    11
Armor: Robe              |    22 |    32 ||    54
Dodge: Dodged            |    73 |    77 ||   150

Table legend: (Time is in decaauts)
 A = Elapsed time spent in this place.
 B = Non-inter-level travel time spent in this place.
 C = Inter-level travel time spent in this place.
 D = Time resting spent in this place.
 E = Time spent auto-exploring this place.
 F = Levels seen in this place.
 G = Mean time per level.
                   A        B        C        D        E       F      G
               +--------+--------+--------+--------+--------+-----+--------+
         Total |   4133 |   3942 |    191 |    598 |   2267 |   6 |  688.8 |
       Dungeon |   3916 |   3737 |    179 |    598 |   2141 |   5 |  783.2 |
        Temple |    217 |    206 |     11 |      0 |    126 |   1 |  217.0 |
               +--------+--------+--------+--------+--------+-----+--------+

Top non-repeatable levels by time:
     D:1: 1188 daAuts
     D:4: 1104 daAuts
     D:2: 967 daAuts
     D:3: 547 daAuts
  Temple: 217 daAuts
     D:5: 107 daAuts
